 Dungeon Crawl Stone Soup version 0.18.1-6-gd335043 (webtiles) character file.

37 M4edhros the Poker (level 3, 0/29 HPs)
             Began as a Formicid Fighter on May 20, 2016.
             Slain by an orc wizard
             ... wielding a +0 dagger
              (3 damage)
             ... on level 4 of the Dungeon.
             The game lasted 00:00:58 (856 turns).

M4edhros the Poker (Formicid Fighter)                Turns: 856, Time: 00:00:59

Health: 0/29       AC: 11    Str: 19 (20) XL:     3   Next: 60%
Magic:  3/3        EV:  3    Int: 11 (12) God:
Gold:   38         SH:  8    Dex:  8 (11) Spells: 0 memorised, 2 levels left

rFire  . . .     SeeInvis +     i - +1 dagger (drain)
rCold  . . .     Gourm    .     h - +0 plate armour (curse)
rNeg   . . .     Faith    .     c - +0 shield
rPois  .         Spirit   .     (helmet unavailable)
rElec  .         Dismiss  .     (no cloak)
rCorr  .         Reflect  .     (no gloves)
SustAt .         Harm     .     (no boots)
MR     .....                    (no amulet)
Stlth  ..........               (no ring)
                                (no ring)

@: brilliant, drained, not resistant to hostile enchantments, extremely
unstealthy
A: permanent stasis, dig shafts and tunnels, four strong arms, antennae 3
a: Dig, Shaft Self


You were on level 4 of the Dungeon.
You were not hungry.

You visited 1 branch of the dungeon, and saw 3 of its levels.

You collected 38 gold pieces.

Inventory:

Hand Weapons
 a - a +0 trident
 i - a +1 dagger of draining (weapon)
Armour
 b - a +0 scale mail
 c - a +0 shield (worn)
 h - a cursed +0 plate armour (worn)
Wands
 q - a wand of slowing (15/48)
Scrolls
 e - a scroll of fog {unknown}
 k - 3 scrolls of identify {unknown}
 l - a scroll of remove curse {unknown}
 m - a scroll of teleportation {unknown}
 o - a scroll of fear {unknown}
Potions
 d - 2 potions of might
Comestibles
 f - 3 bread rations
 j - a beef jerky


   Skills:
 - Level 3.2(2.2) Fighting
 + Level 3.7(2.6) Polearms
 - Level 3.2(2.2) Armour
 - Level 3.6(2.5) Shields


You had 2 spell levels left.
You didn't know any spells.

Dungeon Overview and Level Annotations

Branches:
Dungeon (2/15)

Altars:
Qazlal
Ru
Vehumet


Innate Abilities, Weirdness & Mutations

You are under a permanent stasis effect.
You can dig through walls and to a lower floor.
Your four strong arms can wield two-handed weapons with a shield.
You have a pair of large antennae on your head (SInv).


Message History

There was something very wrong with that liquid.
You feel weakened.
You feel dopey.
You feel clumsy.
You feel less invigorated.
You feel less confused.
The orc wizard hits you but does no damage.
The orc priest mumbles some strange prayers to Beogh against you.
Beogh smites you!
* * * LOW HITPOINT WARNING * * *
You block the quokka's attack.
The scorpion stings you but does no damage.
You block the orc wizard's attack.
The orc priest calls upon Beogh to heal the orc priest.
The orc priest's wounds heal themselves!
You extend your mandibles.
You dig through the rock wall.
You dig through the rock wall.
The orc wizard gestures at you while chanting.
Your stasis keeps you stable.
You dig through the rock wall.
The orc wizard hits you with a dagger.
You die...

..#._.#...≈≈.
.........≈#
..#.....≈#
.......≈#+#
#.###......≈≈.≈
#....g{.....#
######{ooo.##
####sr.##
#@#.#### ##o##
###


You could see an orc wizard.

Vanquished Creatures
  An adder (D:2)
  An ooze (D:1)
  A worm (D:2)
  A dart slug (D:2)
  2 bats (D:1)
  A giant cockroach (D:1)
  3 goblins (D:1)
  4 hobgoblins (D:1)
  A giant newt (D:2)
  2 kobolds
  2 rats (D:1)
19 creatures vanquished.

Notes
Turn   | Place    | Note
--------------------------------------------------------------
     0 | D:1      | M4edhros the Formicid Fighter began the quest for the Orb.
     0 | D:1      | Reached XP level 1. HP: 18/18 MP: 1/1
    90 | D:1      | Reached XP level 2. HP: 24/24 MP: 2/2
   580 | D:1      | Reached XP level 3. HP: 28/29 MP: 3/3
   751 | D:2      | Found a sacrificial altar of Ru.
   829 | D:2      | Found a stormy altar of Qazlal.
   842 | D:2      | You fall through a shaft for 2 floors!
   842 | D:4      | Noticed a scorpion
   845 | D:4      | Found a radiant altar of Vehumet.
   856 | D:4      | Slain by an orc wizard

Skill      XL: |  1  2 |
---------------+-------+-----
Polearms       | 3 |  3.7
Fighting       | |  3.2
Armour         | |  3.2
Shields        | |  3.6

Action                   || total
-------------------------++-------
Melee: Trident           ||    34
       Dagger            ||    34
 Abil: Dig               ||     1
  Use: Potion            ||     4
Armor: Scale mail        ||     3
       Plate armour      ||    41
Dodge: Dodged            ||    10
Block: Shield            ||    30
